 Dungeon Crawl Stone Soup version 0.28.0-45-g0d030f2227 (webtiles) character file.

Game seed: 2174754428251894092

177 seaoflcl the Covered (level 5, -6/42 HPs)
             Began as a Human Fighter on Apr 23, 2022.
             Succumbed to an orc's poison
             ... on level 3 of the Dungeon.
             The game lasted 00:05:15 (4384 turns).

seaoflcl the Covered (Human Fighter)                Turns: 4384, Time: 00:05:15

Health: -6/42      AC: 13    Str: 19    XL:     5   Next: 88%
Magic:  5/5        EV:  7    Int:  8    God:
Gold:   84         SH:  4    Dex: 12    Spells: 4/4 levels left

rFire   . . .      SeeInvis .   s - +2 mace (protect)
rCold   . . .      Faith    .   c - +0 buckler
rNeg    . . .      Spirit   .   e - +0 chain mail
rPois   .          Reflect  .   f - +2 helmet
rElec   .          Harm     .   h - +0 cloak
rCorr   .          Rampage  .   (no gloves)
Will    .....                   (no boots)
Stlth   ..........              (no amulet)
HPRegen 0.14/turn               (no ring)
MPRegen 0.09/turn               (no ring)

@: mighty, lethally poisoned (-6 -> -33)
A: no striking features
a: no special abilities


You were on level 3 of the Dungeon.
You visited 1 branch of the dungeon, and saw 3 of its levels.

You collected 84 gold pieces.

Inventory:

Hand Weapons
 a - a +0 long sword
 s - a +2 mace of protection (weapon)
Missiles
 i - a throwing net (quivered)
 j - 6 silver javelins
Armour
 c - a +0 buckler (worn)
 e - a +0 chain mail (worn)
 f - a +2 helmet (worn)
 h - a +0 cloak (worn)
Scrolls
 b - 2 scrolls of noise
 g - a scroll of brand weapon {unknown}
 k - a scroll of blinking {unknown}
 l - a scroll of immolation {unknown}
 o - a scroll of enchant weapon {unknown}
 p - 2 scrolls of teleportation
 q - a scroll of fog {unknown}
 t - a scroll of summoning {unknown}
 u - a scroll of magic mapping {unknown}
Potions
 n - 3 potions of flight
 r - a potion of resistance


   Skills:
 + Level 3.8 Fighting
 + Level 3.5 Long Blades
 + Level 0.5 Maces & Flails
 + Level 3.8 Armour
 + Level 1.0 Dodging
 + Level 3.5 Shields


You had 4 spell levels left.
You didn't know any spells.
Your spell library was empty.

Dungeon Overview and Level Annotations

Branches:
Dungeon (3/15)

Altars:


Message History

The stone closely misses you.
You feel sick.
You feel sick.
You feel sick. The adder bites you but does no damage.
You feel sick.
You feel sick.
You feel sick. The adder bites you but does no damage.
You feel sick.
You are no longer poisoned.
You sock the adder!
Your weapon exudes an aura of protection.
You kill the adder!
The orc hits you from afar with a +2 trident of venom!
* * * LOW HITPOINT WARNING * * *
You are lethally poisoned!
You feel much better.
You feel very sick. The orc hits you but does no damage.
You are more poisoned.
You barely miss the howler monkey.
You feel very sick. You block the howler monkey's attack.
The orc hits you but does no damage.
You are lethally poisoned!
The howler monkey hits you but does no damage.
You closely miss the howler monkey.
* * * LOW HITPOINT WARNING * * *
You feel extremely sick. The orc hits you but does no damage.
You are more poisoned.
The howler monkey closely misses you.
You feel very mighty all of a sudden.
* * * LOW HITPOINT WARNING * * *
You feel very sick.
The orc hits you from afar with a +2 trident of venom.
* * * LOW HITPOINT WARNING * * *
You are more poisoned.
The howler monkey hits you.
* * * LOW HITPOINT WARNING * * *
You closely miss the howler monkey.
You die...

......##'##......##########......
..........................>......
.....)..O#################..#....
######.#.#### #############.#....
# #.#.#..###..(#..#..#.#.#.###
######.#....#.###...##.##.#.[.#
+.....h..#....OK###....#..#.###
######.#.#'#..oh#.###....##.### #
######..(#.###†#@.#.###...#...# #
....##.#.#...###......###.#...# #
....'..>.###.†.###......#'#...# #
....######.###...###......#...# #
....# #...##..##......##...#
##### ###....##.#....###...#
#.##.†##.#....##.#.#.###
#....##.#....##..#...... ########
##..##......##..##.#####


You could see an ogre, a howler monkey, an orc and a kobold.

Vanquished Creatures
  Crazy Yiuf (D:3)
  An orc wizard (D:3)
  3 adders
  2 worms
  A dart slug (D:1)
  3 orcs (D:3)
  10 endoplasms
  9 goblins
  9 hobgoblins
  9 jackals
  3 kobolds
  2 quokkas
  8 ball pythons
  4 bats
  5 frilled lizards
  11 rats
81 creatures vanquished.

Vanquished Creatures (others)
  5 plants (D:2)
5 creatures vanquished.

Grand Total: 86 creatures vanquished

Notes
Turn   | Place    | Note
-------+----------+-------------------------------------------
     0 | D:1      | seaoflcl the Human Fighter began the quest for the Orb.
     0 | D:1      | Reached XP level 1. HP: 18/18 MP: 1/1
    84 | D:1      | Reached XP level 2. HP: 19/24 MP: 2/2
   560 | D:1      | Reached XP level 3. HP: 29/29 MP: 3/3
  1428 | D:2      | Reached XP level 4. HP: 26/35 MP: 4/4
  1722 | D:2      | HP: 1/35 [adder (3)]
  2207 | D:2      | Reached skill level 1 in Dodging
  3161 | D:3      | Reached XP level 5. HP: 42/42 MP: 5/5
  3254 | D:3      | Found a faded altar of an unknown god.
  3748 | D:3      | Found a runed translucent door.
  3761 | D:3      | Noticed Crazy Yiuf
  3870 | D:3      | Killed Crazy Yiuf
  4358 | D:3      | Noticed an ogre
  4384 | D:3      | Succumbed to an orc's poison

Illustrated notes

Levels and vault maps discovered:
D:1:      dpeg_arrival_windows_large_door, layout_loops_corners
D:2:      wad_lake_hut, layout_basic
D:3:      minmay_razor_zed, layout_basic, hellmonk_ecumenical_altar_dog_temple,
          minmay_divided_ellipse, uniq_crazy_yiuf_cottage

Skill      XL: |  1  2  3  4 |
---------------+-------------+-----
Dodging        | 1 |  1.0
Long Blades    | 3 |  3.5
Fighting       | |  3.8
Maces & Flails | |  0.5
Armour         | |  3.8
Shields        | |  3.5

Action                   |  1- 3 |  4- 6 || total
-------------------------+-------+-------++-------
Melee: Long sword        |   116 |   147 ||   263
       Mace              |       |    19 ||    19
  Use: Potion            |       |     4 ||     4
       Scroll            |       |     4 ||     4
 Stab: Invisible         |       |     1 ||     1
Armor: Scale mail        |    71 |    22 ||    93
       Chain mail        |       |    82 ||    82
Dodge: Dodged            |    57 |    76 ||   133
Block: Buckler           |    32 |    34 ||    66
